 Dungeon Crawl Stone Soup version 0.31-a0-435-g2c6fae2916 (webtiles) character file.

Game seed: 17451296481306841589

53377 HallandMoats the Demonic Catastrophe (level 14, -1/129 HPs)
             Began as a Demonspawn Fighter on Aug 2, 2023.
             Was an Elder of Qazlal.
             Slain by a death yak (20 damage)
             ... on level 1 of the Lair of Beasts.
             The game lasted 00:35:01 (22100 turns).

HallandMoats the Demonic Catastrophe (DsFi)        Turns: 22100, Time: 00:35:01

Health: -1/129     AC: 20    Str: 16    XL:     14   Next: 30%
Magic:  29/29      EV:  6    Int: 12    God:    Qazlal [****..]
Gold:   999        SH: 11    Dex: 14    Spells: 13/13 levels left

rFire   . . .        a - +2 war axe of Spite {freeze, SInv}
rCold   . . .        t - +1 buckler of the Loofah {rElec rN+ Str-2 SInv}
rNeg    + . .        c - +4 chain mail {Will+}
rPois   .            (helmet restricted)
rElec   +            D - +1 cloak
rCorr   .            z - +0 pair of gloves
SInv    +            C - +0 pair of boots
Will    +++..        (no amulet) Stlth
                     q - +4 ring of slaying
HPRegen 0.41/turn    (no ring)
MPRegen 0.21/turn

%: repel missiles
@: no status effects
A: hooves 1, molten scales 2, demonic guardian 1, powered by pain 2, beak, see
invisible, strong-willed 1, robust 1
a: Renounce Religion, Upheaval, Elemental Force


You were on level 1 of the Lair of Beasts.
You worshipped Qazlal.
Qazlal was greatly pleased with you.
You visited 3 branches of the dungeon, and saw 17 of its levels.
You also visited: Sewer and Ossuary.

You collected 1038 gold pieces.
You spent 39 gold pieces at shops.

Inventory:

Hand Weapons
 a - the +2 war axe of Spite (weapon) {freeze, SInv}
   (You found it on level 8 of the Dungeon)

   SInv:      It lets you see invisible.
 b - a +4 scimitar of flaming
Missiles
 B - a throwing net
Armour
 c - a +4 chain mail of willpower (worn)
 t - the +1 buckler of the Loofah (worn) {rElec rN+ Str-2 SInv}
   (You found it on level 2 of the Dungeon)

   Str:       It affects your strength (-2).
   rElec:     It insulates you from electricity.
   rN:        It protects you from negative energy.
   SInv:      It lets you see invisible.
 u - a +1 chain mail of fire resistance
 z - a +0 pair of gloves (worn)
 C - a +0 pair of boots (worn)
 D - a +1 cloak (worn)
 F - a +0 chain mail of poison resistance
 J - a +1 buckler of poison resistance
Jewellery
 q - a +4 ring of slaying (left hand)
Talismans
 s - a blade talisman
Wands
 d - a wand of flame (26)
 j - a wand of acid (10)
 p - a wand of roots (11)
 G - a wand of digging (7)
 H - a wand of polymorph (5)
 I - a wand of charming (8)
Scrolls
 e - 2 scrolls of amnesia
 f - 4 scrolls of fear
 g - 6 scrolls of enchant weapon
 h - 5 scrolls of butterflies
 i - a scroll of blinking
 l - 2 scrolls of immolation
 m - 9 scrolls of teleportation
 x - a scroll of fog
 y - 7 scrolls of identify
 E - 2 scrolls of enchant armour
 O - a scroll of revelation
Potions
 k - a potion of brilliance {unknown}
 n - 2 potions of attraction
 o - 3 potions of mutation
 r - a potion of cancellation
 v - 8 potions of curing
 w - 3 potions of enlightenment
 A - 3 potions of ambrosia
 K - a potion of magic {unknown}
 L - a potion of heal wounds
 M - 4 potions of lignification
 N - a potion of berserk rage


   Skills:
 + Level 13.2 Fighting
 + Level 12.0 Axes
 - Level 2.6 Armour
 - Level 2.6 Shields
 * Level 22.3 Invocations


You had 13 spell levels left.
You didn't know any spells.
Your spell library contained the following spells:

 Spells                   Type           Power      Damage    Failure   Level
 Sting                    Tmut/Pois      0%         1d3       99%         1
 Poisonous Vapours        Pois/Air       0%         N/A       100%        2
 Vhi's Electric Charge    Tloc/Air       0%         N/A       100%        3
 Olgreb's Toxic Radiance  Pois           0%         N/A       100%        4
 Passage of Golubria      Tloc           0%         N/A       100%        4
 Arcjolt                  Conj/Air       0%         1d10      100%        5
 Silence                  Hex/Air        0%         N/A       100%        5
 Summon Forest            Summ/Tloc      0%         N/A       100%        5
 Summon Mana Viper        Hex/Summ       0%         N/A       100%        5
 Summon Cactus Giant      Summ           0%         N/A       100%        6
 Lehudib's Crystal Spear  Conj/Erth      0%         10d2      100%        8
 Maxwell's Capacitive Co  Air            0%         ∞         100%        8


Dungeon Overview and Level Annotations

Branches:
Dungeon (15/15)            Temple (1/1) D:5            Lair (1/5) D:11
    Orc (0/2) D:10         Vaults (0/5) D:13         Depths (0/4) D:15
  Sewer (visited)         Ossuary (visited)

Altars:
Ashenzari
Cheibriados
Dithmenos
Fedhas
Gozag
Hepliaklqana
Kikubaaqudgha
Makhleb
Nemelex Xobeh
Okawaru
Qazlal
Ru
Sif Muna
Trog
Uskayaw
Vehumet
Wu Jian
Xom
Yredelemnul

Shops:
D:3 [   D:4 !::!*   D:9 [

Annotations:
D:7 1 runed translucent door, bobarctor's ghost, novice DsVM


Innate Abilities, Weirdness & Mutations

You have large cloven feet.
You are mostly covered in molten scales. (AC +3)
A weak demonic guardian rushes to your aid.
You sometimes gain power by taking damage.
You have a beak for a mouth.
You have supernaturally acute eyesight. (SInv)
You are strong-willed. (Will+)
You are robust. (+10% HP)


Message History

You barely miss the death yak. Your peck misses the death yak.
The death yak is almost dead.
The death yak gores you!!
* * * LOW HITPOINT WARNING * * *
You slice the death yak!! You freeze the death yak.
You kill the death yak!
Qazlal accepts your kill.
You completely miss the death yak.
You peck the death yak, but do no damage.
The death yak is heavily wounded.
The death yak gores you but does no damage.
You slash the death yak! You freeze the death yak.
You peck the death yak, but do no damage.
The death yak is severely wounded.
The death yak gores you!
* * * LOW HITPOINT WARNING * * *
A demonic guardian appears!
You slash the death yak! You freeze the death yak.
The death yak is severely wounded.
The death yak gores you but does no damage.
You slice the death yak!! You freeze the death yak.
You kill the death yak!
Qazlal accepts your kill.
Your orange demon stings the death yak from afar!
Your Axes skill increases to level 12!
You hit the death yak but do no damage.
You peck the death yak, but do no damage.
The death yak is lightly wounded.
The death yak gores you but does no damage.
Your orange demon completely misses the death yak.
You slash the death yak! You freeze the death yak.
The death yak is moderately wounded.
Your orange demon stings the death yak!
Your orange demon hits the death yak but does no damage.
The death yak gores you but does no damage.
You slash the death yak! You freeze the death yak. You peck the death yak.
The death yak is severely wounded.
Your orange demon stings the death yak but does no damage.
Your orange demon hits the death yak.
The death yak gores you!!
You die...

.................~≈≈.#
##...
.......###..##.#.~≈~.#
#.##
........#..##....~~~.#..
####
.................~≈~.#.#
.#####.
.................~≈~...#
.#......
.............§##.~~~...#
.......#
.......#..##..†#.~☼≈.#
........
.......#####..#Y4~§~.#
.......#
.......##.....##@○...#
.P.....#
.......##.#..#.#.○...##
........
.....Y....#.#.#.........
.#......
........................
........
.....Y..####.###......#.
........ .......## ###
......## ##......
######## ######.#
####### ##


You could see a death yak (ally target) and a friendly orange demon (summoned).

Vanquished Creatures
  Rupert (D:12)
  Louise (D:14)
  A stone giant (D:15)
  Erolcha (D:9)
  A catoblepas (D:14)
  An ogre mage (D:11)
  3 centaur warriors (D:13)
  3 tengu warriors
  2 two-headed ogres
  2 boulder beetles
  4 death yaks (Lair:1)
  Pikel (D:9)
  3 wizards (D:14)
  4 manticores
  21 ugly things
  A deep elf pyromancer (D:13)
  5 cyclopes
  2 gargoyles
  7 cane toads (Lair:1)
  2 unseen horrors (D:12)
  2 efreet
  3 kobold demonologists (D:12)
  7 komodo dragons
  A yaktaur (D:11)
  2 freezing wraiths (D:15)
  6 trolls
  A hornet (D:7)
  Sigmund (D:5)
  A slime creature (D:11)
  2 shadows
  16 yaks
  A vampire (D:11)
  2 wraiths (D:11)
  12 humans (D:13)
  A fire elemental (D:13)
  2 steam dragons
  10 vampire mosquitoes
  2 basilisks
  Menkaure (D:5)
  2 acid dragons
  9 water moccasins
  9 orc warriors
  4 ice beasts
  4 black bears
  11 centaurs
  2 ogres
  2 phantoms
  3 wolves (Lair:1)
  An elf zombie (Ossuary)
  4 kobold brigands
  2 gnoll sergeants
  2 scorpions (D:5)
  11 bullfrogs
  7 wights
  6 killer bees (D:9)
  4 electric eels
  6 howler monkeys
  2 lava snakes (D:13)
  9 hounds
  2 human zombies (Ossuary)
  2 gnoll boudas
  2 jellies
  9 orc priests
  4 sleepcaps
  Jessica (D:2)
  An iguana (D:5)
  Ijyb (D:3)
  10 orc wizards
  2 mummies (Ossuary)
  13 gnolls
  8 adders
  3 river rats (Sewer)
  A shadow imp (D:6)
  2 white imps
  2 adder zombies (Ossuary)
  7 worms
  2 dart slugs (D:1)
  60 orcs
  16 ball pythons
  13 bats
  4 endoplasms
  10 giant cockroaches
  4 goblins
  4 hobgoblins
  2 jackals (Sewer)
  20 kobolds
  10 quokkas
  3 frilled lizards
  A goblin zombie (Ossuary)
  9 hobgoblin zombies (Ossuary)
  10 kobold zombies (Ossuary)
  10 orc zombies (Ossuary)
  7 rats
  A rat zombie (Ossuary)
495 creatures vanquished.

Vanquished Creatures (collateral kills)
  A centaur warrior (D:13)
  Urug (D:13)
  A boulder beetle (D:13)
  An ugly thing (D:14)
  A manticore (D:13)
  4 humans
9 creatures vanquished.

Grand Total: 504 creatures vanquished

Notes
Turn   | Place    | Note
-------+----------+-------------------------------------------
     0 | D:1      | HallandMoats the Demonspawn Fighter began the quest for the
                  | Orb.
     0 | D:1      | Reached XP level 1. HP: 18/18 MP: 1/1
    43 | D:1      | Reached skill level 1 in Invocations
   225 | D:1      | Gained mutation: You are partially covered in molten
                  | scales. (AC +2) [demonic ancestry]
   225 | D:1      | Reached XP level 2. HP: 24/24 MP: 3/3
   340 | D:1      | Reached skill level 2 in Invocations
   886 | D:2      | Gained mutation: You are mostly covered in molten scales.
                  | (AC +3) [demonic ancestry]
   886 | D:2      | Reached XP level 3. HP: 29/29 MP: 4/4
   921 | D:2      | Noticed Jessica
   932 | D:2      | Killed Jessica
   933 | D:2      | Reached skill level 3 in Invocations
  1136 | D:2      | Reached XP level 4. HP: 22/35 MP: 6/6
  1207 | D:2      | Reached skill level 4 in Invocations
  1440 | D:2      | Identified the +1 buckler of the Loofah {rElec rN+ Str-2
                  | SInv}
  1515 | D:3      | Found Corgh's Armour Shop.
  2035 | D:3      | Noticed Ijyb
  2042 | D:3      | Killed Ijyb
  2043 | D:3      | Reached XP level 5. HP: 34/42 MP: 8/8
  2252 | D:4      | Found a broken altar of Ashenzari.
  2283 | D:4      | Noticed a phantom
  2291 | D:4      | Reached skill level 5 in Invocations
  2294 | D:4      | Killed a phantom
  2295 | D:4      | Reached XP level 6. HP: 37/48 MP: 8/10
  2421 | D:4      | Found Axupyno's Distillery.
  2429 | D:4      | Bought a potion of curing for 39 gold pieces
  2518 | D:4      | Found Teudghi's Book Shoppe.
  2526 | D:4      | Found Dugill's Elemental Accessories.
  2594 | D:4      | Found a hide-covered altar of Uskayaw.
  2598 | D:4      | Found a shadowy altar of Dithmenos.
  2600 | D:4      | Found an opulent altar of Gozag.
  2697 | D:4      | Found Witt's Distillery.
  2774 | D:4      | Found a glowing drain.
  2778 | Sewer    | Entered a sewer
  2785 | Sewer    | Reached skill level 6 in Invocations
  3829 | D:4      | Found Zihes's Book Shop.
  3952 | D:5      | Entered Level 5 of the Dungeon
  3966 | D:5      | Found a snail-covered altar of Cheibriados.
  3966 | D:5      | Noticed an ice beast
  3978 | D:5      | Killed an ice beast
  3979 | D:5      | Reached XP level 7. HP: 36/55 MP: 10/12
  4001 | D:5      | Noticed Sigmund
  4013 | D:5      | Killed Sigmund
  4014 | D:5      | Reached skill level 5 in Fighting
  4014 | D:5      | Reached skill level 7 in Invocations
  4022 | D:5      | Found a sand-covered staircase.
  4027 | Ossuary  | Entered an ossuary
  4146 | Ossuary  | Reached skill level 8 in Invocations
  4414 | D:5      | Noticed Menkaure
  4532 | D:5      | Killed Menkaure
  4533 | D:5      | Reached XP level 8. HP: 51/63 MP: 14/14
  4583 | D:5      | Found a staircase to the Ecumenical Temple.
  4605 | Temple   | Entered the Ecumenical Temple
  4626 | Temple   | Became a worshipper of Qazlal Stormbringer
  4859 | D:5      | Reached skill level 9 in Invocations
  5427 | D:6      | Reached skill level 5 in Axes
  5544 | D:6      | Gained mutation: You are vulnerable to heat. (rF-) [potion
                  | of mutation]
  5545 | D:6      | Lost mutation: You are vulnerable to heat. (rF-) [potion of
                  | mutation]
  5545 | D:6      | Gained mutation: You have a beak for a mouth. [potion of
                  | mutation]
  5545 | D:6      | Gained mutation: You are robust. (+10% HP) [potion of
                  | mutation]
  5545 | D:6      | Gained mutation: You are strong-willed. (Will+) [potion of
                  | mutation]
  5545 | D:6      | Gained mutation: You have supernaturally acute eyesight.
                  | (SInv) [potion of mutation]
  5639 | D:6      | Reached skill level 10 in Invocations
  5959 | D:6      | Reached XP level 9. HP: 78/78 MP: 15/17
  5973 | D:6      | Reached skill level 11 in Invocations
  6514 | D:7      | Paralysed by a hornet for 3 turns
  6519 | D:7      | Paralysed by a hornet for 1 turns
  7035 | D:7      | Reached skill level 12 in Invocations
  7278 | D:7      | Found a runed translucent door.
  7383 | D:7      | Noticed bobarctor's ghost (novice DsVM)
  7587 | D:7      | Reached * piety under Qazlal
  7814 | D:8      | Reached skill level 13 in Invocations
  7818 | D:8      | Gained mutation: A weak demonic guardian rushes to your
                  | aid. [demonic ancestry]
  7818 | D:8      | Reached XP level 10. HP: 47/88 MP: 19/19
  8461 | D:8      | Identified the +2 war axe of Spite {freeze, SInv}
  8658 | D:9      | Noticed Erolcha
  8663 | D:9      | Killed Erolcha
  8664 | D:9      | Reached skill level 14 in Invocations
  8715 | D:9      | Found Soadic's Armour Boutique.
  8969 | D:9      | Reached ** piety under Qazlal
 10077 | D:9      | Reached skill level 15 in Invocations
 10148 | D:9      | Reached *** piety under Qazlal
 10258 | D:9      | Noticed Pikel
 10265 | D:9      | Killed Pikel
 10266 | D:9      | Gained mutation: You sometimes gain a little power by
                  | taking damage. [demonic ancestry]
 10266 | D:9      | Reached XP level 11. HP: 97/97 MP: 22/22
 10456 | D:10     | Entered Level 10 of the Dungeon
 11086 | D:10     | Found a staircase to the Orcish Mines.
 11187 | D:10     | Reached skill level 16 in Invocations
 11765 | D:10     | Reached **** piety under Qazlal
 12309 | D:11     | Noticed a boulder beetle
 12565 | D:11     | Reached skill level 10 in Fighting
 12585 | D:11     | Killed a boulder beetle
 12586 | D:11     | Reached skill level 17 in Invocations
 12593 | D:11     | Found a staircase to the Lair.
 13057 | D:11     | Noticed a two-headed ogre
 13084 | D:11     | Noticed an ogre mage
 13094 | D:11     | Killed a two-headed ogre
 13095 | D:11     | Reached XP level 12. HP: 88/107 MP: 24/24
 13730 | D:11     | Killed an ogre mage
 14036 | D:12     | Reached skill level 18 in Invocations
 14441 | D:12     | Noticed a two-headed ogre
 14449 | D:12     | Killed a two-headed ogre
 14449 | D:12     | Reached ***** piety under Qazlal
 14901 | D:12     | Reached skill level 10 in Axes
 15468 | D:13     | Noticed a centaur warrior
 15480 | D:13     | Killed a centaur warrior
 15513 | D:13     | Noticed a centaur warrior
 15519 | D:13     | Noticed Urug
 15525 | D:13     | Killed a centaur warrior
 15526 | D:13     | Reached skill level 19 in Invocations
 15526 | D:13     | Killed Urug
 15527 | D:13     | Noticed a boulder beetle
 15529 | D:13     | Killed a boulder beetle
 15534 | D:13     | Noticed Rupert
 15538 | D:13     | Noticed a tengu warrior
 15563 | D:13     | Found a gate to the Vaults.
 15908 | D:12     | Killed a tengu warrior
 15926 | D:12     | Killed Rupert
 15927 | D:12     | Gained mutation: You sometimes gain power by taking damage.
                  | [demonic ancestry]
 15927 | D:12     | Reached XP level 13. HP: 14/117 MP: 19/26
 16297 | D:13     | Reached skill level 20 in Invocations
 18124 | D:14     | Noticed Louise
 18144 | D:14     | Killed Louise
 18479 | D:14     | Reached skill level 21 in Invocations
 19920 | D:15     | Entered Level 15 of the Dungeon
 20460 | D:15     | Gained mutation: You have large cloven feet. [demonic
                  | ancestry]
 20460 | D:15     | Reached XP level 14. HP: 69/127 MP: 28/28
 20605 | D:15     | Noticed a stone giant
 20606 | D:15     | Found a staircase to the Depths.
 20614 | D:15     | Killed a stone giant
 21452 | Lair:1   | Entered Level 1 of the Lair of Beasts
 21665 | Lair:1   | Reached skill level 22 in Invocations
 22100 | Lair:1   | Slain by a death yak

Illustrated notes

Levels and vault maps discovered:
D:1:      saegor_arrival_simple_c, layout_basic
D:2:      layout_rooms, serial_bayou_pond_a, uniq_jessica
D:3:      layout_basic, serial_shops, shop, uniq_ijyb
D:4:      layout_cave_pools, grunt_temple_overflow_diamond,
          nicolae_overflow_squiral, serial_shops, shop_statue, shop,
          nicolae_shop_stone, shop, gup_sewer_entry_spiral, serial_bayou_pond_d,
          nicolae_elemental_shop
D:5:      layout_basic, mainiacjoe_overflow_cross_hatched,
          minmay_temple_entry_glass, nicolae_ossuary_entry_ruins, uniq_sigmund,
          uniq_menkaure
D:6:      layout_rooms, minmay_misc_feat_chi, kennysheep_nondescript,
          reono_crystal_passage, minmay_pentangle
D:7:      layout_rooms, gammafunk_ghost_grave, minmay_gold_behind_fungi,
          hellmonk_no_cap
D:8:      layout_cave_pools
D:9:      layout_basic, serial_shops, shop, special_room [special_room_orc],
          minmay_misc_feat_encased, grunt_decor_junction, uniq_pikel,
          uniq_erolcha
D:10:     minmay_spotlight, layout_loops_corners, erik_orc_2,
          grunt_decor_resistance, serial_park_tiny_2
D:11:     layout_long_grid, due_lair_maze_entry_diamond, gauntlet_entry_generic,
          minmay_misc_feat_doors, grunt_tough_drop
D:12:     layout_basic, palyth_stone_intersect, grunt_decor_arrowhead,
          kennysheep_generic_room_5
D:13:     layout_basic, david_vaults_3, st_stairs_9
D:14:     layout_gridville, uniq_louise
D:15:     grunt_enter_depths_snipers, layout_long_grid,
          dreamdust_princess_bridge
Temple:   nicolae_temple_slightly_damp_pantheon
Lair:1:   layout_gridlike, beast_lair_carwin_10, infiniplex_staircase_pool_2,
          grunt_megastairs_4

Skill      XL: |  1  2  3  4  5  6  7  8  9 10 11 12 13 14 |
---------------+-------------------------------------------+-----
Invocations    | 1 2 3 4 5 6 8 10 13 15 17 19 21 22 | 22.3
Axes           | 2 3 4 5 6 8 9 10 11 12 | 12.0
Fighting       | 4 5 6 7 9 10 11 12 13 | 13.2
Armour         | |  2.6
Shields        | |  2.6

Action                     |  1- 3 |  4- 6 |  7- 9 | 10-12 | 13-15 || total
---------------------------+-------+-------+-------+-------+-------++-------
  Melee: War axe           |   117 |   237 |   308 |   568 |   348 ||  1578
         Peck              |       |       |    38 |   132 |   102 ||   272
 Invoke: Upheaval          |       |       |       |     3 |     1 ||     4
         Elemental Force   |       |       |       |     2 |     1 ||     3
  Evoke: Wand              |       |       |       |    10 |     2 ||    12
    Use: Potion            |       |     4 |     5 |     4 |     4 ||    17
         Scroll            |       |     5 |    10 |    13 |       ||    28
   Stab: Distracted        |       |       |       |     2 |       ||     2
         Paralysed         |       |       |       |     2 |       ||     2
 Armour: Scale mail        |    80 |    29 |       |       |       ||   109
         Chain mail        |       |   180 |   228 |   333 |   192 ||   933
  Dodge: Dodged            |    59 |   111 |   111 |   156 |    76 ||   513
         Repelled          |       |       |       |       |     1 ||     1
  Block: Buckler           |    23 |    88 |    82 |   334 |   163 ||   690

Table legend: (Time is in decaauts)
 A = Elapsed time spent in this place.
 B = Non-inter-level travel time spent in this place.
 C = Inter-level travel time spent in this place.
 D = Time resting spent in this place.
 E = Time spent auto-exploring this place.
 F = Levels seen in this place.
 G = Mean time per level.
                   A        B        C        D        E       F      G
               +--------+--------+--------+--------+--------+-----+--------+
         Total |  22698 |  22132 |    566 |   5560 |  11802 |  19 | 1194.6 |
       Dungeon |  20418 |  19892 |    526 |   5157 |  11073 |  15 | 1361.2 |
        Temple |     42 |      2 |     40 |      0 |      0 |   1 |   42.0 |
          Lair |    647 |    647 |      0 |    199 |    293 |   1 |  647.0 |
         Sewer |   1224 |   1224 |      0 |     93 |    418 |   1 | 1224.0 |
       Ossuary |    365 |    365 |      0 |    111 |     16 |   1 |  365.0 |
               +--------+--------+--------+--------+--------+-----+--------+

Top non-repeatable levels by time:
    D:14: 2243 daAuts
    D:12: 2201 daAuts
    D:10: 2045 daAuts
    D:13: 1893 daAuts
     D:9: 1841 daAuts
    D:11: 1459 daAuts
     D:7: 1388 daAuts
    D:15: 1235 daAuts
   Sewer: 1224 daAuts
     D:5: 1057 daAuts
     D:6: 1029 daAuts
     D:1: 907 daAuts
     D:8: 863 daAuts
     D:4: 845 daAuts
     D:3: 742 daAuts
